 Dungeon Crawl Stone Soup version 0.26.1-11-gd32895ea62 (webtiles) character file.

Game seed: 4659621073090549770

63 buriedalive the Chiller (level 4, 0/24 HPs)
             Began as a Gargoyle Ice Elementalist on May 25, 2021.
             Slain by a gnoll (1 damage)
             ... on level 2 of the Dungeon.
             The game lasted 00:03:02 (1860 turns).

buriedalive the Chiller (Gargoyle Ice Elementalist) Turns: 1860, Time: 00:03:02

Health: 0/24       AC:  8    Str: 11    XL:     4   Next: 9%
Magic:  2/7        EV: 12    Int: 17    God:
Gold:   51         SH:  0    Dex: 10    Spells: 6/7 levels left

rFire    . . .     SeeInvis .   j - +0 whip
rCold    . . .     Faith    .   (no shield)
rNeg     + . .     Spirit   .   p - +0 leather armour
rPois    ∞         Reflect  .   (no helmet)
rElec    +         Harm     .   (no cloak)
rCorr    .         Rampage  .   c - +1 pair of gloves
Will     .....                  (no boots)
Stlth    ++........             (no amulet)
HPRegen  0.08/turn              (no ring)
MPRegen  0.10/turn              (no ring)

@: no status effects
A: negative energy resistance 1, electricity resistance, unbreathing,
petrification resistance, miasma immunity, AC +3
a: no special abilities


You were on level 2 of the Dungeon.
You visited 1 branch of the dungeon, and saw 2 of its levels.

You collected 51 gold pieces.

Inventory:

Hand Weapons
 j - a +0 whip (weapon)
Missiles
 d - 65 stones
 e - 40 arrows
 h - 8 bolts
 l - 14 poisoned darts
Armour
 a - a +0 robe
 c - a +1 pair of gloves (worn)
 p - a +0 leather armour (worn)
Jewellery
 o - an uncursed ring of protection from cold {unknown}
Scrolls
 n - a scroll of amnesia {unknown}
Potions
 b - a potion of magic
 g - a potion of mutation {unknown}
 i - 3 potions of might {unknown}
 k - a potion of haste {unknown}
 q - a potion of curing {unknown}


   Skills:
 + Level 2.7 Dodging
 - Level 2.1 Stealth
 - Level 2.0 Spellcasting
 + Level 4.8 Ice Magic


You had 6 spell levels left.
You knew the following spells:

 Your Spells              Type           Power        Failure   Level
a - Freeze                Ice            72%          3%          1

Your spell library contained the following spells:

 Spells                   Type           Power        Failure   Level
 Frozen Ramparts          Ice            36%          11%         3
 Ozocubu's Armour         Ice            18%          11%         3
 Hailstorm                Conj/Ice       9%           67%         4
 Summon Ice Beast         Ice/Summ       9%           67%         4


Dungeon Overview and Level Annotations

Branches:
Dungeon (2/15)

Altars:


Innate Abilities, Weirdness & Mutations

You are resistant to torment.
Your stone body is resilient. (AC +3)
You are immune to poison.
You resist negative energy. (rN+)
You are resistant to electric shocks. (rElec)
You can survive without breathing.
You are immune to petrification.
You are immune to miasma.


Message History

The adder bites you but does no damage. The adder misses you.
Casting: Freeze (safe; 4% risk of failure)
Confirm with . or Enter, or press ? or * to list all spells.
Aiming: Freeze (safe; 4% risk of failure)
Press: ? - help, Shift-Dir - straight line, f/p - adder
Aim: an adder (moderately wounded)
You freeze the adder!
You kill the adder!
You have reached level 4!
You feel clever.
You hit the gnoll.
The gnoll is moderately wounded.
The gnoll hits you from afar with a +0 halberd!
Ouch! That really hurt!
The gnoll closely misses you. The gnoll barely misses you.
The gnoll hits you with a +0 spear!
* * * LOW HITPOINT WARNING * * *
You see here an adder corpse.
You completely miss the gnoll. The gnoll hits you.
You die...

.....##.. ...........#..
..............
#...#.......?.
#.............
##########.............
#..<.........##.?......
....#........#.##g.......
####............@g.......
#...........g#........
#...........†.........
.............#...#.....
###..........##.........
##....................
#................. ..
................... .
.........###.......


You could see 3 gnolls.

Vanquished Creatures
  2 adders (D:2)
  An ooze (D:1)
  2 dart slugs (D:1)
  3 ball pythons (D:1)
  3 giant cockroaches (D:1)
  2 goblins (D:1)
  3 hobgoblins (D:1)
  4 jackals (D:1)
  3 kobolds (D:1)
  2 bats (D:1)
  3 frilled lizards
  8 rats (D:1)
36 creatures vanquished.

Notes
Turn   | Place    | Note
-------+----------+-------------------------------------------
     0 | D:1      | buriedalive the Gargoyle Ice Elementalist began the quest
                  | for the Orb.
     0 | D:1      | Reached XP level 1. HP: 10/10 MP: 3/3
    64 | D:1      | Reached XP level 2. HP: 14/15 MP: 0/5
  1045 | D:1      | Reached XP level 3. HP: 10/19 MP: 4/6
  1858 | D:2      | Reached XP level 4. HP: 21/24 MP: 1/7
  1859 | D:2      | HP: 1/24 [gnoll/+0 spear (7)]
  1860 | D:2      | Slain by a gnoll

Illustrated notes

Levels and vault maps discovered:
D:1:      dpeg_arrival_stonehenge_12_columns, layout_basic, serial_park_tiny_2,
          minmay_surrounded
D:2:      layout_rooms, grunt_temple_overflow_gold_and_silver

Skill      XL: |  1  2 |
---------------+-------+-----
Dodging        | 2 |  2.7
Stealth        | |  2.1
Spellcasting   | |  2.0
Ice Magic      | |  4.8

Action                   |  1- 3 |  4- 6 || total
-------------------------+-------+-------++-------
Melee: Unarmed           |    36 |       ||    36
       Whip              |    55 |     2 ||    57
 Cast: Freeze            |    27 |       ||    27
  Use: Scroll            |     2 |       ||     2
Armor: Robe              |    24 |       ||    24
       Leather armour    |    14 |       ||    14
Dodge: Dodged            |    69 |     2 ||    71
